 Dungeon Crawl Stone Soup version 0.31-a0-1529-g7bd419a0e5 (console) character file.

Game seed: 12696025174349228875

33 petzl the Sneak (level 3, -5/30 HPs)
             Began as a Formicid Delver on Dec 31, 2023.
             Slain by a sleepcap (19 damage)
             ... on level 5 of the Dungeon.
             The game lasted 00:02:15 (476 turns).

petzl the Sneak (Formicid Delver)                    Turns: 476, Time: 00:02:15

Health: -5/30      AC:  3    Str: 16    XL:     3   Next: 47%
Magic:  3/3        EV:  2    Int: 11    God:
Gold:   0          SH:  0    Dex: 15    Spells: 2/2 levels left

rFire   . . .        a - +0 mace
rCold   . . .        (no shield)
rNeg    . . .        b - +0 leather armour
rPois   .            (helmet unavailable)
rElec   .            (no cloak)
rCorr   .            (no gloves)
SInv    +            (no boots)
Will    .....        (no amulet)
Stlth   +++          (no ring)
HPRegen 0.25/turn    (no ring)
MPRegen 0.08/turn

%: no passive effects
@: sleeping
A: permanent stasis, dig shafts and tunnels, antennae 3, four strong arms
a: Dig, Shaft Self


You were on level 5 of the Dungeon.
You visited 1 branch of the dungeon, and saw 2 of its levels.

Inventory:

Hand Weapons
 a - a +0 mace (weapon)
Armour
 b - a +0 leather armour (worn)
Wands
 f - a wand of digging (3)
Scrolls
 c - a scroll of fog
 d - a scroll of revelation
 e - a scroll of fear
 g - 2 scrolls of identify {unknown}
 i - a scroll of immolation {unknown}
 j - a scroll of teleportation {unknown}
Potions
 h - 2 potions of enlightenment {unknown}


   Skills:
 + Level 3.7 Fighting
 - Level 2.4 Maces & Flails
 + Level 0.2 Armour
 + Level 2.2 Dodging
 - Level 6.3 Stealth
 + Level 0.1 Spellcasting


You had 2 spell levels left.
You didn't know any spells.
Your spell library was empty.

Dungeon Overview and Level Annotations

Branches:
Dungeon (5/15)
 Temple: D:4-7

Altars:
Cheibriados

Annotations:
D:5 exclusion: 2 upstairs, Eustachio, Prince Ribbit


Innate Abilities, Weirdness & Mutations

You cannot be hasted, slowed, berserked, paralysed or teleported.
You can dig through walls and to a lower floor.
You have a pair of large antennae on your head. (SInv)
Your four strong arms can wield two-handed weapons with a shield.


Message History

There is an entrance to an ossuary on this level.
Hurry and find it before the portal is buried!
Level annotation: exclusion: upstairs, Eustachio, Prince Ribbit You hear the quick hiss of an avalanche of sand nearby.
There is a stone staircase leading up here.
You hit the orc.
The orc is almost dead.
The orc closely misses you.
You hit the orc.
You kill the orc!
Things that are here:
a +0 short sword; a +0 scale mail
There is a stone staircase leading up here.
Press: ? - help, v - describe, . - travel A stone staircase leading up.
Placed new exclusion.
Reduced exclusion size to a single square.
Unknown command.
You start resting.
You hear the quick hiss of an avalanche of sand nearby.
You start resting.
HP restored.
Found a chain mail.
A sleepcap comes into view.
You see here a +0 chain mail.
You hit the sleepcap but do no damage. The sleepcap misses you.
You hit the sleepcap but do no damage.
The sleepcap releases spores at you but does no damage.
The sleepcap releases spores at you.
You hit the sleepcap but do no damage. The sleepcap releases spores at you!
You hit the sleepcap.
The sleepcap is lightly damaged.
The sleepcap barely misses you.
You hit the sleepcap.
The sleepcap is heavily damaged.
The sleepcap releases spores at you.
You are engulfed in a cloud of soporific spores!
You fall asleep.
The sleepcap releases spores at you!!
Ouch! That really hurt!
You die...

###### ######### #....#
#.......######## #.##.# ###
#.#####.##.....########.##.##########..
#.# #.##.....#....................#.#
#.# #........#..#####.#.≈≈≈≈≈≈≈≈≈.#.#
#.# #.##.....#...## #...≈..§§...≈...#
#.#####.##..........# #.#§§.§§≈≈≈.§.#.#
#.......########...## #..§≈.≈.§.≈§§...#
####.#### ##.## ###.≈.≈§§.≈.≈.#.# #.#
#># .....≈..§§§≈.#.. #.#### #.#
#.##.≈.≈≈.≈≈.≈.#.. ####....# ##+##
#.##.≈.......≈.... #.......#
##...###....≈≈≈≈≈≈≈≈≈..## #.#####.#
##..f..##.##...........### #.# ##.##
##....@..#.........#..### #
#.####...####..........###...<.#.######
#.##........+................).........
#.##.#...####..........###...#.###.###
#.##.##.## #.......[.#.........# .#
#.##.##.# #.##.....######.##### #
#.......# # ##...## #.# ####.#### ##+##
#.# #.# #.# #.# { { #.# #.# #.# #.# #.#
#.##### #.# #.##..# #....#8# ###### #


You could see a sleepcap.

Vanquished Creatures
  An iguana (D:5)
  An orc (D:5)
  A giant cockroach (D:4)
  A goblin (D:4)
  2 hobgoblins (D:4)
6 creatures vanquished.

Notes
Turn   | Place    | Note
-------+----------+-------------------------------------------
     0 | D:5      | petzl the Formicid Delver began the quest for the Orb.
     0 | D:5      | Reached XP level 1. HP: 18/18 MP: 1/1
    80 | D:5      | Noticed Prince Ribbit
   119 | D:5      | Found a snail-covered altar of Cheibriados.
   141 | D:5      | Noticed an iguana
   149 | D:5      | Killed an iguana
   150 | D:5      | Reached XP level 2. HP: 6/24 MP: 2/2
   150 | D:5      | Reached XP level 3. HP: 8/29 MP: 3/3
   249 | D:4      | Noticed an ogre
   249 | D:4      | Noticed a bullfrog
   249 | D:4      | Noticed an ogre
   264 | D:5      | Noticed Eustachio
   353 | D:4      | Noticed an ogre
   476 | D:5      | Slain by a sleepcap

Illustrated notes

Levels and vault maps discovered:
D:4:      layout_cave_pools, serial_shops, shop, nzn_random_ring
D:5:      layout_loops_corners, mainiacjoe_overflow_concentric_impassable,
          lightli_ossuary_entry_decrepit_ruins, uniq_prince_ribbit1,
          uniq_eustachio, uniq_edmund

Skill      XL: |  1 |
---------------+----+-----
Dodging        | 2 |  2.2
Fighting       | |  3.7
Maces & Flails | |  2.4
Armour         | |  0.2
Stealth        | |  6.3
Spellcasting   | |  0.1

Action                     || total
---------------------------++-------
  Melee: Mace              ||    28
   Stab: Sleeping          ||     2
 Armour: Leather armour    ||    24
  Dodge: Dodged            ||    19

Table legend: (Time is in decaauts)
 A = Elapsed time spent in this place.
 B = Non-inter-level travel time spent in this place.
 C = Inter-level travel time spent in this place.
 D = Time resting spent in this place.
 E = Time spent auto-exploring this place.
 F = Levels seen in this place.
 G = Mean time per level.
                   A        B        C        D        E       F      G
               +--------+--------+--------+--------+--------+-----+--------+
         Total |    484 |    484 |      0 |    139 |    125 |   2 |  242.0 |
       Dungeon |    484 |    484 |      0 |    139 |    125 |   2 |  242.0 |
               +--------+--------+--------+--------+--------+-----+--------+

Top non-repeatable levels by time:
     D:5: 382 daAuts
     D:4: 101 daAuts
